 Dungeon Crawl Stone Soup version 0.28.0-53-g5a82cb258f (webtiles) character file.

Game seed: 2002771057873028617

31 issech the Chopper (level 3, -1/33 HPs)
             Began as a Minotaur Monk on June 9, 2022.
             Frozen to death by an endoplasm (3 damage)
             ... on level 2 of the Dungeon.
             The game lasted 00:02:30 (1233 turns).

issech the Chopper (Minotaur Monk)                  Turns: 1233, Time: 00:02:30

Health: -1/33      AC:  5    Str: 15    XL:     3   Next: 7%
Magic:  11/11      EV:  9    Int:  7    God:
Gold:   102        SH: 10    Dex: 14    Spells: 2/2 levels left

rFire   . . .      SeeInvis .   a - +0 hand axe
rCold   . . .      Faith    .   f - +0 tower shield
rNeg    . . .      Spirit   .   b - +0 robe
rPois   .          Reflect  .   (helmet restricted)
rElec   .          Harm     .   (no cloak)
rCorr   .          Rampage  .   (no gloves)
Will    +....                   g - +2 pair of boots
Stlth   ++........              (no amulet)
HPRegen 0.11/turn               d - ring of willpower
MPRegen 0.12/turn               i - ring of magical power

@: no status effects
A: horns 2, retaliatory headbutt
a: no special abilities


You were on level 2 of the Dungeon.
You visited 1 branch of the dungeon, and saw 2 of its levels.

You collected 102 gold pieces.

Inventory:

Hand Weapons
 a - a +0 hand axe (weapon)
 n - a +0 rapier
Missiles
 h - 21 stones (quivered)
 k - 17 arrows
Armour
 b - a +0 robe (worn)
 f - a +0 tower shield (worn)
 g - a +2 pair of boots (worn)
Jewellery
 d - a ring of willpower (left hand)
 i - a ring of magical power (right hand)
 j - an amulet of regeneration
 o - a ring of magical power
Scrolls
 e - 2 scrolls of identify {unknown}
Potions
 c - a potion of flight {unknown}
 l - a potion of might {unknown}
 m - a potion of berserk rage {unknown}


   Skills:
 + Level 4.0 Fighting
 + Level 4.2 Axes
 + Level 3.8 Dodging
 + Level 1.7 Stealth
 + Level 0.2 Shields


You had 2 spell levels left.
You didn't know any spells.
Your spell library contained the following spells:

 Spells                   Type           Power      Damage    Failure   Level
 Summon Small Mammal      Summ           0%         N/A       100%        1
 Call Canine Familiar     Summ           0%         N/A       100%        3
 Summon Guardian Golem    Hex/Summ       0%         N/A       100%        3


Dungeon Overview and Level Annotations

Branches:
Dungeon (2/15)

Altars:


Innate Abilities, Weirdness & Mutations

You have a pair of horns on your head.
You reflexively headbutt those who attack you in melee.


Message History

o - a ring of magical power You see here a +0 ring mail.
An ogre and an endoplasm come into view.
You see here 8 gold pieces.
You now have 102 gold pieces (gained 8).
You throw a stone.
The stone hits the ogre but does no damage.
The ogre shouts!
You throw a stone. The endoplasm quivers.
The stone hits the endoplasm.
The endoplasm is moderately wounded.
You throw a stone. The stone hits the ogre.
The ogre is lightly wounded.
You throw a stone. The stone barely misses the ogre.
You hit the ogre.
The ogre is lightly wounded.
You block the ogre's attack.
You hit the ogre.
The ogre is moderately wounded.
You completely miss the endoplasm. The endoplasm freezes you.
You are frozen.
The ogre hits you with a +0 giant spiked club!
The endoplasm freezes you.
You are frozen.
You block the ogre's attack.
You barely miss the ogre.
The ogre is moderately wounded.
You hit the endoplasm. The endoplasm freezes you.
You are frozen.
You block the ogre's attack.
The endoplasm hits you but does no damage.
The endoplasm freezes you.
You are frozen.
* * * LOW HITPOINT WARNING * * *
The ogre hits you with a +0 giant spiked club!
* * * LOW HITPOINT WARNING * * *
The endoplasm freezes you.
You are frozen.
You die...

#.# #(## ⌠. ##...##
#.. ## #.#.#.###
#...##8####.......#
#........#........#
8.......O....(..(.#
#........J....##(.#
##8###8#@.....[##.#
###.#...##...#
#.##...##..#
#.###......# #.#
#.#.#..#
.##.###†#...##
........##..#
....##..##.##
.##.##..#..#


You could see an ogre and an endoplasm.

Vanquished Creatures
  An adder (D:2)
  A worm (D:2)
  A dart slug (D:2)
  2 endoplasms
  2 hobgoblins
  4 kobolds (D:1)
  A quokka (D:2)
  A ball python (D:2)
  A bat (D:1)
  3 frilled lizards (D:2)
  2 rats (D:1)
19 creatures vanquished.

Notes
Turn   | Place    | Note
-------+----------+-------------------------------------------
     0 | D:1      | issech the Minotaur Monk began the quest for the Orb.
     0 | D:1      | Reached XP level 1. HP: 19/19 MP: 0/0
   503 | D:1      | Found a faded altar of an unknown god.
   713 | D:1      | Reached XP level 2. HP: 27/27 MP: 1/1
  1089 | D:2      | Reached XP level 3. HP: 31/33 MP: 2/2
  1218 | D:2      | Noticed an ogre
  1233 | D:2      | Frozen to death by an endoplasm

Illustrated notes

Levels and vault maps discovered:
D:1:      lemuel_arrival_rhombus, layout_basic, ebering_ecumenical_altar_box
D:2:      minmay_chambers_of_ones, layout_loops_ring, minmay_misc_feat_iff,
          corexii_hall_statues_s, minmay_tetromino_s2

Skill      XL: |  1  2 |
---------------+-------+-----
Fighting       | 4 |  4.0
Axes           | 4 |  4.2
Dodging        | |  3.8
Stealth        | |  1.7
Shields        | |  0.2

Action                   || total
-------------------------++-------
Melee: Hand axe          ||    52
       Headbutt          ||    10
Throw: Stone             ||     4
 Stab: Sleeping          ||     1
Armor: Robe              ||    16
Dodge: Dodged            ||    13
Block: Tower shield      ||    26
